 Dungeon Crawl Stone Soup version 0.30.1-11-g7821555f0a (webtiles) character file.

Game seed: 3803365337169334693

28539 Peloso the Fencer (level 13, -5/117 HPs)
             Began as a Minotaur Fighter on Nov 17, 2023.
             Was a High Priest of Okawaru.
             Killed from afar by a rakshasa (16 damage)
             ... with a lance of force
             ... on level 1 of the Abyss.
             The game lasted 00:35:11 (18002 turns).

Peloso the Fencer (Minotaur Fighter)               Turns: 18002, Time: 00:35:12

Health: -5/117     AC: 26    Str: 21    XL:     13   Next: 10%
Magic:  12/12      EV: 10    Int:  5    God:    Okawaru [*****.]
Gold:   1276       SH: 18    Dex: 15    Spells: 12/12 levels left

rFire   + + .        a - +4 scimitar (flame)
rCold   + . .        d - +0 kite shield
rNeg    . . .        c - +4 chain mail
rPois   .            B - +2 hat
rElec   .            y - scarf {rC+ rF+}
rCorr   .            (no gloves)
SInv    .            G - +2 pair of boots
Will    .....        o - amulet of reflection Stlth
                     m - ring of protection from fire
HPRegen 0.39/turn    h - +4 ring of protection
MPRegen 0.13/turn

%: reflection
@: no status effects
A: horns 2, retaliatory headbutt, hooves 1, mutation resistance 1
a: Renounce Religion, Heroism, Finesse, Duel


You were on level 1 of the Abyss.
You worshipped Okawaru.
Okawaru was extremely pleased with you.
You visited 4 branches of the dungeon, and saw 19 of its levels.
You visited the Abyss 1 time.
You also visited: Sewer.

You collected 1276 gold pieces.

Inventory:

Hand Weapons
 a - a +4 scimitar of flaming (weapon)
 b - a +4 scimitar of flaming
Missiles
 v - 3 throwing nets (quivered)
Armour
 c - a +4 chain mail (worn)
 d - a +0 kite shield (worn)
 y - a scarf of resistance (worn)
 B - a +2 hat (worn)
 G - a +2 pair of boots (worn)
Jewellery
 h - a +4 ring of protection (right hand)
 k - a ring of flight
 m - a ring of protection from fire (left hand)
 n - a +6 ring of strength
 o - an amulet of reflection (around neck)
 x - a ring of fire
 P - a ring of wizardry
 Q - an amulet of guardian spirit
Wands
 e - a wand of charming (1)
 g - a wand of flame (50)
 q - a wand of polymorph (14)
 F - a wand of roots (9)
Scrolls
 f - 5 scrolls of fog
 j - 3 scrolls of noise
 l - 7 scrolls of enchant armour
 p - 3 scrolls of enchant weapon
 s - 2 scrolls of poison
 w - a scroll of magic mapping
 z - 2 scrolls of brand weapon
 H - a scroll of silence
 I - a scroll of teleportation
 L - 2 scrolls of torment {unknown}
 M - 2 scrolls of summoning {unknown}
 O - 2 scrolls of amnesia {unknown}
 R - a scroll of immolation {unknown}
Potions
 r - 4 potions of flight
 t - 2 potions of curing
 u - a potion of lignification
 A - 5 potions of haste
 C - a potion of magic
 D - 2 potions of attraction {unknown}
 E - a potion of ambrosia {unknown}
 J - 3 potions of cancellation {unknown}
 K - 2 potions of mutation
 N - a potion of berserk rage {unknown}
Miscellaneous
 i - a phial of floods


   Skills:
 + Level 11.9 Fighting
 + Level 15.0 Long Blades
 + Level 12.7 Armour
 + Level 5.9 Dodging
 + Level 1.6 Stealth
 + Level 13.4 Shields
 + Level 1.2 Invocations
 + Level 0.1 Evocations


You had 12 spell levels left.
You didn't know any spells.
Your spell library contained the following spells:

 Spells                   Type           Power      Damage    Failure   Level
 Necrotise                Necr           0%         1d4       99%         1
 Sandblast                Erth           0%         2d4       99%         1
 Passwall                 Tmut/Erth      0%         N/A       99%         2
 Gell's Gravitas          Tloc           0%         N/A       100%        3
 Portal Projectile        Hex/Tloc       0%         N/A       100%        3
 Stone Arrow              Conj/Erth      0%         3d7       100%        3
 Teleport Other           Tloc           0%         N/A       100%        3
 Leda's Liquefaction      Hex/Erth       0%         N/A       100%        4
 Passage of Golubria      Tloc           0%         N/A       100%        4
 Yara's Violent Unravell  Hex/Tmut       0%         3d3       100%        5
 Dispersal                Tloc           0%         N/A       100%        6
 Call Canine Familiar     Summ           Unusable   N/A       N/A         3
 Tukima's Dance           Hex            Unusable   N/A       N/A         3

Dungeon Overview and Level Annotations

Branches:
Dungeon (13/15)            Temple (1/1) D:7            Lair (3/5) D:10
  Swamp (0/4) Lair:2        Snake (0/4) Lair:2          Orc (2/2) D:9
    Elf (0/3) Orc:2         Sewer (visited)
 Vaults: D:13-14

Altars:
Ashenzari
Cheibriados
Dithmenos
Elyvilon
Fedhas
Gozag
Hepliaklqana
Makhleb
Nemelex Xobeh
Okawaru
Sif Muna
Trog
Uskayaw
Vehumet
Wu Jian
Xom
Yredelemnul
Zin
The Shining One

Shops:
D:5 (   D:6 [   D:8 =

Annotations:
D:13 Erolcha
Orc:2 Donald, Saint Roka


Innate Abilities, Weirdness & Mutations

You have a pair of horns on your head.
You reflexively headbutt those who attack you in melee.
You have large cloven feet.
You are somewhat resistant to further mutation.


Message History

The rakshasa is severely wounded.
Unknown command.
You hit the rakshasa. You burn the rakshasa.
The rakshasa is severely wounded.
The rakshasa gestures at you. The lance of force hits you.
* * * LOW HITPOINT WARNING * * *
You are knocked back by the lance of force.
You slam into the stone wall!
The rakshasa hits you but does no damage.
You barely miss the rakshasa. Your headbutt misses the rakshasa.
The rakshasa is severely wounded.
The rakshasa blinks!
You block the rakshasa's attack.
Unknown command.
You slash the rakshasa! You burn the rakshasa.
You headbutt the rakshasa, but do no damage.
The rakshasa is almost dead.
The rakshasa blinks!
Unknown command.
Something hits you but does no damage.
Deactivating autopickup; reactivate with Ctrl-A.
You block the rakshasa's attack.
Unknown command.
You hit the rakshasa but do no damage.
The rakshasa is heavily wounded.
Something hits you but does no damage.
Unknown command.
You hit the rakshasa. You burn the rakshasa.
The rakshasa is severely wounded.
The rakshasa blinks!
Something hits you.
* * * LOW HITPOINT WARNING * * *
Unknown command.
You slash something! You burn something.
Reactivating autopickup.
Unknown command.
You barely miss the rakshasa.
The rakshasa is almost dead.
The rakshasa gestures at you. The lance of force hits you!
You die...

#.... ...
## #
.....#..
.##
.##.......
R... # ....
...#.......
.... ...##.
.#. #..
..#..#
###...
#######.##
#.ยง#R#
#@.# ####


You could see a rakshasa.

Vanquished Creatures
  Jorgrun (D:13)
  2 hydras (D:13)
  A centaur warrior (D:13)
  2 two-headed ogres (D:12)
  A skyshark (Lair:2)
  A shadow wraith (Abyss:1)
  2 large abominations (Abyss:1)
  An orc knight (Orc:2)
  2 cyclopes
  A manticore (D:11)
  An orc sorcerer (Orc:1)
  7 slime creatures
  A gargoyle (D:12)
  A black mamba (Lair:3)
  An unseen horror (Abyss:1)
  A torpor snail (Lair:1)
  5 cane toads
  3 komodo dragons
  2 efreet
  An ancient zyme (Abyss:1)
  4 trolls
  2 polar bears
  Grinder (D:3)
  Sigmund (D:2)
  4 wyverns
  A vampire (D:11)
  4 wraiths
  23 yaks
  3 basilisks
  A warg (Orc:2)
  6 vampire mosquitoes
  3 nagas (Lair:2)
  An acid dragon (D:12)
  8 water moccasins
  An ice beast (D:5)
  A black bear (D:5)
  A sky beast (D:7)
  15 orc warriors
  9 ogres
  5 wolves (Lair:3)
  7 centaurs
  A phantom (D:5)
  4 kobold brigands
  A gnoll sergeant (D:12)
  2 scorpions (D:6)
  8 bullfrogs
  A small abomination (Abyss:1)
  4 howler monkeys
  An electric eel (Lair:3)
  3 hounds
  A gnoll bouda (D:8)
  10 orc priests
  A jelly (D:4)
  2 sleepcaps
  Ijyb (D:3)
  2 iguanas
  15 orc wizards
  6 hell rats (Lair:3)
  Robin (D:2)
  15 gnolls
  11 adders
  A shadow imp (D:6)
  A white imp (D:6)
  An ufetubus (D:5)
  2 worms
  4 dart slugs
  60 orcs
  14 ball pythons
  5 bats
  8 endoplasms
  21 giant cockroaches
  14 goblins
  11 hobgoblins
  4 jackals (D:5)
  15 quokkas
  12 frilled lizards
  44 kobolds
  5 rats
450 creatures vanquished.

Vanquished Creatures (others)
  An orc priest (Orc:2)
1 creature vanquished.

Grand Total: 451 creatures vanquished

Notes
Turn   | Place    | Note
-------+----------+-------------------------------------------
     0 | D:1      | Peloso the Minotaur Fighter began the quest for the Orb.
     0 | D:1      | Reached XP level 1. HP: 19/19 MP: 0/0
   160 | D:1      | Reached XP level 2. HP: 27/27 MP: 1/1
   544 | D:1      | Reached XP level 3. HP: 31/33 MP: 2/2
   835 | D:2      | Found a faded altar of an unknown god.
   887 | D:2      | Reached skill level 3 in Long Blades
   937 | D:2      | Gained mutation: You have large cloven feet. [potion of
                  | mutation]
   937 | D:2      | Gained mutation: You are somewhat resistant to further
                  | mutation. [potion of mutation]
  1209 | D:2      | Reached XP level 4. HP: 34/40 MP: 3/3
  1213 | D:2      | Noticed Robin
  1233 | D:2      | Killed Robin
  1252 | D:2      | Noticed Sigmund
  1274 | D:2      | Killed Sigmund
  1275 | D:2      | Reached skill level 4 in Long Blades
  1275 | D:2      | Reached skill level 5 in Armour
  1275 | D:2      | Reached XP level 5. HP: 25/47 MP: 4/4
  1379 | D:2      | Reached XP level 6. HP: 47/53 MP: 5/5
  1718 | D:2      | Reached skill level 5 in Long Blades
  1728 | D:3      | Noticed Ijyb
  1799 | D:3      | Killed Ijyb
  1962 | D:3      | You fall into a shaft and drop 3 floors!
  1962 | D:6      | Found Howawu's Antique Armour Emporium.
  2000 | D:6      | Reached skill level 6 in Long Blades
  2005 | D:6      | Reached skill level 1 in Dodging
  2034 | D:6      | Noticed an orc warrior
  2034 | D:6      | Noticed a water moccasin
  2050 | D:6      | Killed a water moccasin
  2051 | D:6      | Reached XP level 7. HP: 31/60 MP: 6/6
  2068 | D:6      | Reached skill level 5 in Fighting
  2176 | D:6      | Identified the +2 sling of Unreason {flame, rElec rF+
                  | Str+3}
  2198 | D:6      | Reached skill level 7 in Long Blades
  2283 | D:6      | Reached XP level 8. HP: 19/69 MP: 7/7
  2329 | D:6      | Found a glowing drain.
  2341 | Sewer    | Entered a sewer
  2717 | Sewer    | Reached skill level 8 in Long Blades
  3103 | D:5      | Entered Level 5 of the Dungeon
  3124 | D:5      | Reached skill level 5 in Shields
  3603 | D:5      | Reached skill level 9 in Long Blades
  3869 | D:5      | Found Hocw's Antique Weapon Shoppe.
  3930 | D:5      | Found an ornate altar of the Wu Jian Council.
  3930 | D:5      | Found a blossoming altar of Fedhas.
  3938 | D:5      | Found a faded altar of an unknown god.
  3940 | D:5      | Found a snail-covered altar of Cheibriados.
  3942 | D:5      | Found a faded altar of an unknown god.
  4581 | D:4      | Reached XP level 9. HP: 78/78 MP: 8/8
  4894 | D:3      | Noticed Grinder
  4910 | D:3      | Paralysed by Grinder for 2 turns
  4915 | D:3      | Paralysed by Grinder for 5 turns
  4929 | D:3      | Killed Grinder
  6104 | D:7      | Reached skill level 10 in Long Blades
  6324 | D:7      | Found a staircase to the Ecumenical Temple.
  6383 | Temple   | Entered the Ecumenical Temple
  6463 | Temple   | Became a worshipper of Warmaster Okawaru
  6992 | D:7      | Found an opulent altar of Gozag.
  7098 | D:7      | Found a broken altar of Ashenzari.
  7231 | D:8      | Found Voaqoh's Jewellery Shoppe.
  7260 | D:8      | Found a bloodstained altar of Trog.
  7645 | D:8      | Reached * piety under Okawaru
  7833 | D:8      | Reached skill level 11 in Long Blades
  7923 | D:8      | Found a transporter.
  8447 | D:9      | Reached XP level 10. HP: 86/90 MP: 9/9
  8452 | D:9      | Reached skill level 1 in Stealth
  8477 | D:9      | Found a hide-covered altar of Uskayaw.
  8477 | D:9      | Found a radiant altar of Vehumet.
  8738 | D:9      | Found a staircase to the Orcish Mines.
  8825 | D:9      | Reached ** piety under Okawaru
  9006 | D:9      | Found a shimmering altar of Xom.
  9109 | D:10     | Entered Level 10 of the Dungeon
  9403 | D:10     | Found a staircase to the Lair.
  9737 | D:11     | Reached skill level 10 in Armour
  9838 | D:11     | Noticed a manticore
  9857 | D:11     | Killed a manticore
  9857 | D:11     | Reached *** piety under Okawaru
  9858 | D:11     | Reached skill level 12 in Long Blades
 10346 | D:11     | Found a hide-covered altar of Uskayaw.
 10778 | Lair:1   | Entered Level 1 of the Lair of Beasts
 10805 | Lair:1   | Reached **** piety under Okawaru
 10806 | Lair:1   | Reached XP level 11. HP: 49/97 MP: 10/10
 11531 | Lair:1   | Reached skill level 13 in Long Blades
 11875 | Lair:2   | Found a staircase to the Snake Pit.
 11893 | Lair:2   | Reached skill level 10 in Fighting
 12224 | Lair:2   | Noticed a skyshark
 12251 | Lair:2   | Killed a skyshark
 12865 | Lair:2   | Found a staircase to the Swamp.
 13537 | Lair:3   | Reached ***** piety under Okawaru
 13548 | Lair:3   | Reached skill level 10 in Shields
 14049 | Lair:3   | Reached skill level 14 in Long Blades
 14049 | Lair:3   | Reached skill level 5 in Dodging
 14545 | D:12     | Reached XP level 12. HP: 102/108 MP: 8/11
 14604 | D:12     | Identified the +7 quarterstaff of Okawaru, Transmuting
                  | {heavy, Int+3} (Okawaru gifted it to you on level 12 of the
                  | Dungeon)
 14604 | D:12     | Received a gift from Okawaru
 14641 | D:12     | Noticed a two-headed ogre
 14940 | D:12     | Killed a two-headed ogre
 15344 | D:12     | Noticed a two-headed ogre
 15351 | D:12     | Killed a two-headed ogre
 15818 | Orc:1    | Entered Level 1 of the Orcish Mines
 16275 | Orc:2    | Entered Level 2 of the Orcish Mines
 16278 | Orc:2    | Found a shimmering blue altar of Sif Muna.
 16515 | Orc:2    | Got Sif Muna's Vellum of the Grave
 16533 | Orc:2    | Found a staircase to the Elven Halls.
 16563 | Orc:2    | Noticed Donald
 16667 | Orc:2    | Noticed Saint Roka
 17207 | D:13     | Noticed a four-headed hydra
 17214 | D:13     | Killed a one-headed hydra
 17392 | D:13     | Noticed Jorgrun
 17412 | D:13     | Killed Jorgrun
 17424 | D:13     | Noticed Erolcha
 17424 | D:13     | Noticed a centaur warrior
 17424 | D:13     | HP: 1/110 [Erolcha/+0 giant club (17)]
 17440 | D:13     | Killed a centaur warrior
 17446 | D:13     | Reached skill level 1 in Invocations
 17723 | D:13     | Noticed a four-headed hydra
 17732 | D:13     | Killed a one-headed hydra
 17753 | Abyss:1  | Cast into level 1 of the Abyss (Erolcha)
 17795 | Abyss:1  | Reached XP level 13. HP: 107/117 MP: 12/12
 17903 | Abyss:1  | Reached skill level 15 in Long Blades
 17911 | Abyss:1  | Noticed a hellephant
 18002 | Abyss:1  | Killed from afar by a rakshasa

Illustrated notes

Levels and vault maps discovered:
D:1:      lightli_arrival_statuegarden, layout_loops_cross
D:2:      layout_basic, shapermc_ecumenical_altar_mp_highgroup, uniq_sigmund,
          uniq_robin
D:3:      layout_rooms, dreamdust_mushroom_princess, roderic_serpentine_path,
          uniq_ijyb, uniq_grinder
D:4:      layout_basic
D:5:      layout_loops_ring, chequers_temple_overflow_minitemple, serial_shops,
          shop, minmay_fountain_box
D:6:      kennysheep_kobold_camp, layout_loops_ring, serial_shops,
          nicolae_lakefront_shop, gup_sewer_entry_pipe
D:7:      layout_loops_ring, mainiacjoe_overflow_big_doors, temple_hall
D:8:      layout_loops_corners, kennysheep_mini_moat, serial_shops, shop,
          nicolae_diode_basic
D:9:      layout_gridville, amcnicky_altar_gilded,
          gammafunk_temple_overflow_pools, orc_0_dummy
D:10:     layout_roguey, david_lair_shrubbed
D:11:     layout_cave_pools, nicolae_uskayaw_dance_studio
D:12:     layout_irregular_city
D:13:     layout_gridville, uniq_erolcha, uniq_jorgrun
Temple:   oiseaux_autumnal_temple
Lair:1:   layout_cave_shapes, grunt_megastairs_3
Lair:2:   layout_concentric_octagons, swamp_mist, guppyfry_snake_entry_garden
Lair:3:   layout_chaotic_city, infiniplex_staircase_pool
Orc:1:    layout_caves, basic_altar
Orc:2:    grunt_orc_tribal_feast, layout_caves, led_sif_book, uniq_saint_roka,
          uniq_donald
Abyss:1:  base:
D:11

Skill      XL: |  1  2  3  4  5  6  7  8  9 10 11 12 13 |
---------------+----------------------------------------+-----
Fighting       | 4 5 6 8 9 10 11 | 11.9
Armour         | 4 5 6 7 9 10 11 12 | 12.7
Shields        | 4 5 6 8 10 13 | 13.4
Long Blades    | 3 4 6 7 9 11 12 14 15 | 15.0
Dodging        | 1 2 3 5 |  5.9
Stealth        | 1 |  1.6
Invocations    | 1 |  1.2
Evocations     | |  0.1

Action                     |  1- 3 |  4- 6 |  7- 9 | 10-12 | 13-15 || total
---------------------------+-------+-------+-------+-------+-------++-------
  Melee: Long sword        |   109 |    95 |   473 |   599 |       ||  1276
         Headbutt          |    13 |    16 |    73 |   221 |    10 ||   333
         Kick              |     2 |    13 |   136 |   311 |       ||   462
         Scimitar          |       |       |       |   246 |    58 ||   304
 Invoke: Heroism           |       |       |       |    13 |     2 ||    15
  Evoke: Wand              |       |       |     2 |     2 |       ||     4
    Use: Potion            |     3 |     2 |     1 |     9 |       ||    15
         Scroll            |     3 |     5 |     3 |     9 |     1 ||    21
 Armour: Scale mail        |    50 |    57 |    17 |       |       ||   124
         Chain mail        |       |       |   259 |   351 |    32 ||   642
  Dodge: Dodged            |    41 |    56 |   204 |   234 |     8 ||   543
  Block: Buckler           |    17 |    15 |    70 |       |       ||   102
         Kite shield       |       |       |    67 |   592 |    29 ||   688
         Reflection        |       |       |       |    15 |       ||    15
